 Dungeon Crawl Stone Soup version 0.24-a0-582-g4d4af813a0 (webtiles) character file.

Game seed: 11718223282033240417

194 MordorOrchid the Sneak (level 5, -2/34 HPs)
             Began as an Octopode Enchanter on Aug 26, 2019.
             Killed by nerve-wracking pain
             ... invoked by Jessica
              (13 damage)
             ... on level 2 of the Dungeon.
             The game lasted 00:08:02 (876 turns).

MordorOrchid the Sneak (Octopode Enchanter)          Turns: 876, Time: 00:08:03

Health: -2/34      AC:  1    Str:  7    XL:     5   Next: 73%
Magic:  2/8        EV: 14    Int: 23    God:
Gold:   67         SH:  0    Dex: 13    Spells: 2/8 levels left

rFire    . . .     SeeInvis .   a - +1 dagger
rCold    . . .     Gourm    .   (no shield)
rNeg     . . .     Faith    .   (helmet restricted)
rPois    .         Spirit   .   (no amulet)
rElec    .         Reflect  .   i - ring of teleportation (curse)
rCorr    .         Harm     .   (no ring)
MR       .....     Rnd*Tele +   (no ring)
Stlth    ++++......             (no ring)
HPRegen  0.11/turn              (no ring)
MPRegen  0.11/turn              (no ring)
                                (no ring)
                                (no ring)

@: brilliant
A: almost no armour, stealthy swim, amphibious, 8 rings, constrict 8, camouflage
1, gelatinous body 1
a: no special abilities


You were on level 2 of the Dungeon.
You were not hungry.

You visited 1 branch of the dungeon, and saw 2 of its levels.

You collected 67 gold pieces.

Inventory:

Hand Weapons
 a - a +1 dagger (weapon)
 j - a +0 hunting sling
Missiles
 h - 24 arrows
Jewellery
 i - a cursed ring of teleportation (left tentacle)
Scrolls
 e - a scroll of enchant weapon
 g - a scroll of blinking
Potions
 b - a potion of magic {unknown}
 d - a potion of might {unknown}
 k - a potion of lignification {unknown}
Comestibles
 c - 3 rations
 l - a chunk of flesh


   Skills:
 * Level 1.9 Fighting
 * Level 3.2 Short Blades
 * Level 3.0 Dodging
 + Level 5.7 Stealth
 - Level 2.0 Spellcasting
 - Level 3.0 Hexes


You had 2 spell levels left.
You knew the following spells:

 Your Spells              Type           Power        Failure   Level  Hunger
a - Corona                Hex            ####...      1%          1    #......
b - Ensorcelled Hibernat  Hex/Ice        ###...       1%          2    ##.....
c - Confuse               Hex            ####....     1%          3    ###....

Your spell library contained the following spells:

 Spells                   Type           Power        Failure   Level  Hunger
 Tukima's Dance           Hex            ####....     1%          3    ###....
 Dazzling Spray           Conj/Hex       ###...       2%          3    ###....


Dungeon Overview and Level Annotations

Branches:
Dungeon (2/15)

Altars:

Annotations:
D:2 Jessica


Innate Abilities, Weirdness & Mutations

You cannot wear most types of armour.
You are very stealthy in the water. (Stealth+)
You are amphibious.
You can wear up to eight rings at the same time.
You can use your tentacles to constrict eight enemies at once.
Your skin changes colour to match your surroundings (Stealth+).
Your rubbery body absorbs attacks. (AC +1, EV +1)


Message History

Unknown command.
You feel clever all of a sudden.
Jessica shouts!
You hear a shout!
Casting: Corona (safe; 1% risk of failure)
Confirm with . or Enter, or press ? or * to list all spells.
Aiming: Confuse (safe; 1% risk of failure)
Press: ? - help, Shift-Dir - straight line, f - Jessica
Aim: Jessica, wielding a +0 dagger and wearing a +0 robe (chance to defeat MR: 67%) Jessica struggles to resist.
Jessica points at you and mumbles some strange words.
Pain shoots through your body!
Casting: Confuse (safe; 1% risk of failure)
Confirm with . or Enter, or press ? or * to list all spells.
Aiming: Confuse (safe; 1% risk of failure)
Press: ? - help, Shift-Dir - straight line, f/p - Jessica
Aim: Jessica, wielding a +0 dagger and wearing a +0 robe (chance to defeat MR: 67%) Jessica struggles to resist.
Jessica points at you and mumbles some strange words.
Pain shoots through your body!
You die...

#...##..#
#.......#
#..##...#
#.......#
#......## #
#####.## ... #.#
#.?.#
#.##########.@....
#.....รท..@...#
##############


You could see Jessica.

Vanquished Creatures
  Sigmund (D:2)
  3 dart slugs (D:1)
  7 bats
  2 giant cockroaches (D:1)
  4 goblins
  3 hobgoblins (D:1)
  3 kobolds (D:1)
  A ball python (D:1)
  3 frilled lizards (D:1)
  A rat (D:2)
28 creatures vanquished.

Notes
Turn   | Place    | Note
-------+----------+-------------------------------------------
     0 | D:1      | MordorOrchid the Octopode Enchanter began the quest for the
                  | Orb.
     0 | D:1      | Reached XP level 1. HP: 11/11 MP: 3/3
    65 | D:1      | Reached XP level 2. HP: 10/18 MP: 1/5
   218 | D:1      | Learned a level 2 spell: Ensorcelled Hibernation
   333 | D:1      | Reached skill level 1 in Fighting
   377 | D:1      | Reached XP level 3. HP: 9/23 MP: 4/6
   382 | D:1      | Learned a level 3 spell: Confuse
   713 | D:2      | Noticed Sigmund
   732 | D:2      | Killed Sigmund
   732 | D:2      | Reached skill level 5 in Stealth
   732 | D:2      | Reached XP level 4. HP: 5/29 MP: 0/7
   732 | D:2      | Reached XP level 5. HP: 6/34 MP: 0/8
   858 | D:2      | Noticed Jessica
   876 | D:2      | Killed from afar by Jessica

Levels and vault maps discovered:
D:1:      noname_arrival_rooms_in_the_neighbourhood, layout_basic,
          feat_on_display
D:2:      layout_loops_cross, lemuel_coloured_pillars_altar,
          minmay_misc_feat_cross, uniq_sigmund, uniq_jessica

Skill      XL: |  1  2  3 |
---------------+----------+-----
Fighting       | 1 |  1.9
Short Blades   | 3 |  3.2
Dodging        | 3 |  3.0
Stealth        | 5 |  5.7
Spellcasting   | |  2.0
Hexes          | |  3.0

Action                   |  1- 3 |  4- 6 || total
-------------------------+-------+-------++-------
Melee: Dagger            |    50 |     3 ||    53
       Constrict         |    12 |     1 ||    13
       Tentacles         |     7 |     1 ||     8
 Cast: Corona            |    22 |     1 ||    23
       Ensorcelled Hiber |     3 |       ||     3
       Confuse           |       |     2 ||     2
  Use: Scroll            |     3 |       ||     3
       Potion            |     1 |     1 ||     2
 Stab: Sleeping          |     8 |     1 ||     9
  Eat: Chunk             |       |     1 ||     1
Armor: Skin              |     4 |     2 ||     6
Dodge: Dodged            |    33 |     9 ||    42

Table legend:
 A = Non-vault XP
 B = Vault XP
 C = Vault XP percentage of total XP
 D = Non-vault monster count
 E = Vault monster count
 F = Vault count percentage of total count
                 A         B        C        D         E       F
            +---------+---------+-------+---------+---------+-------
      Total |      47 |     231 |  83.1 |      27 |       1 |   3.6
            +---------+---------+-------+---------+---------+-------
        D:1 |      43 |       0 |   0.0 |      24 |       0 |   0.0
        D:2 |       4 |     231 |  98.3 |       3 |       1 |  25.0
            +---------+---------+-------+---------+---------+-------
